 Dungeon Crawl Stone Soup version 0.20.1-1-g8b1a95d (webtiles) character file.

72 mastercheaf21 the Bolt Thrower (level 4, 0/39 HPs)
             Began as a Deep Dwarf Hunter on Nov 13, 2017.
             Slain by a rat (1 damage)
             ... on level 2 of the Dungeon.
             The game lasted 00:10:34 (1432 turns).

mastercheaf21 the Bolt Thrower (Deep Dwarf Hunter)  Turns: 1432, Time: 00:10:35

Health: 0/39       AC:  4    Str: 16    XL:     4   Next: 7%
Magic:  4/4        EV: 10    Int: 11    God:
Gold:   114        SH:  0    Dex: 14    Spells: 3/3 levels left

rFire    . . .     SeeInvis .   a - +1 hand crossbow
rCold    . . .     Gourm    .   (no shield)
rNeg     . . .     Faith    .   s - -2 scale mail (curse)
rPois    .         Spirit   .   (no helmet)
rElec    .         Reflect  .   (no cloak)
rCorr    .         Harm     .   (no gloves)
MR       .....                  (no boots)
Stlth    ..........             (no amulet)
Regen    0.0/turn               (no ring)
MPRegen  0.1/turn               (no ring)

@: non-regenerating
A: damage resistance, heal wounds, sense surroundings 1, no regeneration
a: Heal Wounds


You were on level 2 of the Dungeon.
You were not hungry.

You visited 1 branch of the dungeon, and saw 2 of its levels.

You collected 114 gold pieces.

Inventory:

Hand Weapons
 a - a +1 hand crossbow (weapon)
 b - a +0 short sword
 r - a +0 dagger of venom
Missiles
 d - 55 bolts (quivered)
 h - 64 stones
Armour
 c - a +0 leather armour
 s - a cursed -2 scale mail (worn)
Jewellery
 n - an uncursed ring of resist corrosion {unknown}
 q - an uncursed ring of fire {unknown}
Scrolls
 e - a scroll of fog {unknown}
 g - 2 scrolls of remove curse {unknown}
 j - 3 scrolls of immolation {unknown}
 l - 2 scrolls of magic mapping {unknown}
 o - a scroll of enchant armour {unknown}
 t - 2 scrolls of identify {unknown}
Potions
 i - 2 potions of resistance {unknown}
 p - a potion of flight {unknown}
 u - a potion of curing {unknown}
 v - 3 potions of haste {unknown}
Comestibles
 f - a bread ration
 k - a meat ration
 m - a royal jelly


   Skills:
 - Level 1.7 Fighting
 + Level 0.1 Short Blades
 + Level 5.7 Crossbows
 + Level 1.6 Armour
 - Level 2.1 Dodging
 + Level 1.4 Stealth


You had 3 spell levels left.
You didn't know any spells.

Dungeon Overview and Level Annotations

Branches:
Dungeon (2/15)

Altars:


Innate Abilities, Weirdness & Mutations

You are resistant to damage.
You can heal yourself by infusing magical energy.
You passively map a small area around you.
You do not regenerate.


Message History

Really attack while wielding your +1 hand crossbow? [Y]es or [N]o only, please.
Really attack while wielding your +1 hand crossbow? [Y]es or [N]o only, please.
Really attack while wielding your +1 hand crossbow?
Okay, then.
The rat misses you. The worm closely misses you.
The rat bites you but does no damage. The worm misses you.
The rat completely misses you. The rat bites you. The worm bites you!
The rat barely misses you. The rat bites you. The worm bites you.
The rat bites you. The worm bites you!
* * * LOW HITPOINT WARNING * * *
The rat misses you. The rat bites you. The worm bites you!
* * * LOW HITPOINT WARNING * * *
The rat completely misses you. The rat bites you.
You die...

..# * #.# ###.# *
#.... * ### #####.#.#*
, , ..# . ,...#.#.# ,
* #.# *,..###.#.#w#
*.## #.#
.........@##...# #.#
.........r..#
..#####.###
#####.......#
*...........
###.###.###........###
#.# #....#.#.###.#
#.##....##.#.###.#
#.#.(#...........#
#..(###......###.###
###(.#.....# *#.....


You could see a worm and a rat.

Vanquished Creatures
  2 adders (D:2)
  An ooze (D:2)
  3 worms
  A leopard gecko (D:2)
  2 giant cockroaches
  8 goblins
  2 hobgoblins (D:1)
  4 kobolds
  A quokka (D:2)
  10 bats
  3 frilled lizards (D:1)
  5 rats
42 creatures vanquished.

Notes
Turn   | Place    | Note
-------+----------+-------------------------------------------
     0 | D:1      | mastercheaf21 the Deep Dwarf Hunter began the quest for the Orb.
     0 | D:1      | Reached XP level 1. HP: 19/19 MP: 1/1
   235 | D:1      | Reached XP level 2. HP: 26/26 MP: 2/2
   279 | D:1      | Reached skill level 5 in Crossbows
   914 | D:1      | Reached XP level 3. HP: 27/32 MP: 3/3
  1169 | D:2      | Reached skill level 1 in Armour
  1397 | D:2      | Reached XP level 4. HP: 26/39 MP: 4/4
  1430 | D:2      | HP: 1/39 [worm (8)]
  1432 | D:2      | Slain by a rat

Skill      XL: |  1  2  3 |
---------------+----------+-----
Crossbows      | 5 |  5.7
Armour         | 1 |  1.6
Fighting       | |  1.7
Short Blades   | |  0.1
Dodging        | |  2.1
Stealth        | |  1.4

Action                   |  1- 3 |  4- 6 || total
-------------------------+-------+-------++-------
Melee: Short sword       |     6 |       ||     6
 Fire: Hand crossbow     |    75 |     6 ||    81
  Eat: Chunk             |     1 |       ||     1
Armor: Leather armour    |    11 |       ||    11
       Scale mail        |     2 |     2 ||     4
Dodge: Dodged            |    26 |    11 ||    37
